 Dungeon Crawl Stone Soup version 0.30.0-30-g96aa6591b8 (webtiles) character file.

Game seed: 17352932455243532704

144 Bnni the Digger (level 5, 0/37 HPs)
             Began as a Formicid Earth Elementalist on June 29, 2023.
             Slain by a quokka (2 damage)
             ... on level 3 of the Dungeon.
             The game lasted 00:03:02 (1902 turns).

Bnni the Digger (Formicid Earth Elementalist)       Turns: 1902, Time: 00:03:03

Health: 0/37       AC:  2    Str: 12    XL:     5   Next: 52%
Magic:  2/8        EV: 12    Int: 17    God:
Gold:   44         SH:  0    Dex: 14    Spells: 3/9 levels left

rFire   . . .        n - +0 spear
rCold   . . .        (no shield)
rNeg    . . .        a - +0 robe
rPois   .            (helmet unavailable)
rElec   .            (no cloak)
rCorr   .            (no gloves)
SInv    +            (no boots)
Will    .....        (no amulet)
Stlth   ++           (no ring)
HPRegen 0.26/turn    (no ring)
MPRegen 0.11/turn

%: no passive effects
@: no status effects
A: permanent stasis, dig shafts and tunnels, antennae 3, four strong arms
a: Dig, Shaft Self


You were on level 3 of the Dungeon.
You visited 1 branch of the dungeon, and saw 3 of its levels.

You collected 44 gold pieces.

Inventory:

Hand Weapons
 n - a +0 spear (weapon)
Missiles
 e - a throwing net
 o - 2 poisoned darts
Armour
 a - a +0 robe (worn)
 j - a +0 buckler
Scrolls
 c - a scroll of acquirement {unknown}
 d - a scroll of blinking {unknown}
 g - a scroll of fog {unknown}
 h - a scroll of noise {unknown}
 p - a scroll of teleportation {unknown}
Potions
 b - 2 potions of magic
 f - a potion of resistance
 k - a potion of might
 l - a potion of lignification
 m - a potion of attraction {unknown}


   Skills:
 + Level 1.5 Fighting
 - Level 1.7 Dodging
 - Level 2.4 Stealth
 + Level 1.7 Shields
 + Level 2.6 Spellcasting
 * Level 1.7 Conjurations
 * Level 2.7 Transmutations
 * Level 4.5 Earth Magic


You had 3 spell levels left.
You knew the following spells:

 Your Spells              Type           Power      Damage    Failure   Level
a - Sandblast             Erth           34%        2d9       2%          1
b - Passwall              Tmut/Erth      11%        N/A       6%          2
c - Stone Arrow           Conj/Erth      26%        3d8       16%         3

Your spell library contained the following spells:

 Spells                   Type           Power      Damage    Failure   Level
 Ozocubu's Armour         Ice            2%         N/A       50%         3
 Portal Projectile        Hex/Tloc       4%         N/A       50%         3
 Tukima's Dance           Hex            2%         N/A       50%         3
 Petrify                  Tmut/Erth      14%        N/A       38%         4
 Blade Hands              Tmut           5%         N/A       86%         5
 Ozocubu's Refrigeration  Ice            1%         4d7       100%        7


Dungeon Overview and Level Annotations

Branches:
Dungeon (3/15)

Altars:


Innate Abilities, Weirdness & Mutations

You cannot be hasted, slowed, berserked, paralysed or teleported.
You can dig through walls and to a lower floor.
You have a pair of large antennae on your head. (SInv)
Your four strong arms can wield two-handed weapons with a shield.


Message History

You hit the quokka. You punch the quokka, but do no damage.
The quokka is moderately wounded.
The quokka barely misses you.
You closely miss the quokka.
The quokka is moderately wounded.
The quokka completely misses you.
You hit the quokka.
The quokka is heavily wounded.
The quokka closely misses you. The quokka barely misses you.
The gnoll shouts!
You hit the quokka but do no damage.
The quokka is moderately wounded.
The quokka closely misses you.
You closely miss the quokka.
The quokka is moderately wounded.
The quokka misses you.
You miss the quokka.
The quokka is moderately wounded.
The quokka bites you.
* * * LOW HITPOINT WARNING * * *
You closely miss the quokka.
The quokka is moderately wounded.
The quokka misses you. The quokka closely misses you.
You hit the quokka.
The quokka is heavily wounded.
The quokka bites you.
* * * LOW HITPOINT WARNING * * *
You barely miss the quokka.
The quokka is heavily wounded.
The quokka bites you.
* * * LOW HITPOINT WARNING * * *
Aiming: Sandblast (safe; 2% risk of failure)
Press: ? - help, Q - select action, (/) - cycle Shift-Dir - straight line, f - quokka
Aim: a quokka (heavily wounded, 75% to hit)
The blast of sand misses the quokka.
The blast of sand hits the gnoll!
You kill the gnoll!
The quokka bites you.
* * * LOW HITPOINT WARNING * * *
The quokka bites you.
You die...

### #<# #.# #.#
########### #.#
#....g....# #.#
#....#..g.# #.###
#.#.)#..#.#
#...###.#..#..#{###
#.#.@r)≈≈§≈_≈§≈≈{{###
#.#####.#g.#..#.#..)g
#.# #.#..#..#.#####
#.# #....#....# #.#
#.........# #.#
########### #.#


You could see a gnoll and a quokka.

Vanquished Creatures
  A gnoll bouda (D:3)
  5 gnolls
  3 adders (D:2)
  2 worms (D:2)
  7 ball pythons
  5 bats
  5 endoplasms
  2 giant cockroaches (D:3)
  2 goblins
  3 hobgoblins
  2 kobolds
  6 quokkas
  A frilled lizard (D:1)
  4 rats
48 creatures vanquished.

Notes
Turn   | Place    | Note
-------+----------+-------------------------------------------
     0 | D:1      | Bnni the Formicid Earth Elementalist began the quest for
                  | the Orb.
     0 | D:1      | Reached XP level 1. HP: 13/13 MP: 3/3
   151 | D:1      | Reached XP level 2. HP: 19/19 MP: 3/5
   452 | D:1      | Reached XP level 3. HP: 25/25 MP: 0/6
   584 | D:1      | Reached skill level 4 in Earth Magic
   725 | D:1      | Learned a level 2 spell: Passwall
   729 | D:1      | Learned a level 3 spell: Stone Arrow
  1037 | D:2      | Reached skill level 1 in Conjurations
  1321 | D:2      | Reached XP level 4. HP: 31/31 MP: 4/7
  1323 | D:2      | Reached skill level 1 in Fighting
  1323 | D:2      | Reached skill level 1 in Shields
  1631 | D:2      | Reached XP level 5. HP: 32/37 MP: 2/8
  1833 | D:3      | Found a faded altar of an unknown god.
  1902 | D:3      | Slain by a quokka

Illustrated notes

Levels and vault maps discovered:
D:1:      onia_arrival_pyramid, layout_loops_ring
D:2:      layout_basic
D:3:      layout_basic, gup_sewer_entry_bubbles,
          shapermc_ecumenical_altar_notcrosses, nicolae_grassy_gnolls

Skill      XL: |  1  2  3  4 |
---------------+-------------+-----
Earth Magic    | 4 |  4.5
Transmutations | 2 |  2.7
Conjurations   | 1 |  1.7
Fighting       | 1 |  1.5
Shields        | 1 |  1.7
Dodging        | |  1.7
Stealth        | |  2.4
Spellcasting   | |  2.6

Action                     |  1- 3 |  4- 6 || total
---------------------------+-------+-------++-------
  Melee: Dagger            |     2 |     1 ||     3
         Spear             |       |    17 ||    17
         Punch             |       |     1 ||     1
   Cast: Sandblast         |    40 |    39 ||    79
    Use: Scroll            |       |     4 ||     4
 Armour: Robe              |     7 |     5 ||    12
  Dodge: Dodged            |    17 |    34 ||    51
